cohdb
Replays
Latest Replays
All Replays
Popular Replays
Top Player Replays
Match Explorer
How It Works
Community
CoH3 Stats
Reddit
Sign in to upload your games and track your stats! →
Sign in with Steam
Match 41342520
Unlisted
Match 41342520
Overview
Messages
Build Orders
End
Kradschützen Motorcycle Team
Panzergrenadier Squad
Selects Panzerjäger Kommand Battlegroup
Selects Mine Fields
Panzergrenadier Squad
Construct Light Support Kompanie
Assault Grenadier Squad
Fire Support Elements
Panzerjäger Mechanized Group
Flakvierling Half-track
Selects Defensive Positions
2.5-tonne Medical Truck
Vehicle Survival Package
Selects Tank Busters
Panzerjäger Squad
Construct Panzerarmee Kommand
Assault Mechanized Group
Panzer III L Medium Tank
Selects Crew Shock Tactics
Selects Butterfly Bomb Drop
Panzer III L Medium Tank
Quincy
HulkSMASH
0
0
Comments
sign in to comment!
No comments posted yet!